 Dungeon Crawl Stone Soup version 0.17-a0-1411-g06ff558 (webtiles) character file.

19849 urechis the Stickfighter (level 12, -2/78 (80) HPs)
             Began as a Tengu Gladiator on June 23, 2015.
             Was a High Priest of Trog.
             Slain by an eight-headed hydra (14 damage)
             ... on level 1 of the Lair of Beasts.
             The game lasted 00:48:56 (13345 turns).

urechis the Stickfighter (Tengu Gladiator)         Turns: 13345, Time: 00:48:56

HP:   -2/78 (80)    AC:  5    Str: 23    XL:     12   Next: 73%
MP:   0/15          EV: 21    Int:  8    God:    Trog [*****.]
Gold: 605           SH:  0    Dex: 19    Spells: 0 memorised, 11 levels left

rFire  . . .     SeeInvis .     a - +0 lajatang (drain)
rCold  . . .     Clarity  .     s - +0 leather armour
rNeg   . . .     SustAt   .     (no shield)
rPois  .         Gourm    .     I - +0 hat
rElec  .         Spirit   +     (no cloak)
rCorr  .         Warding  .     k - +1 pair of gloves
rMut   .         Stasis   .     (boots unavailable)
MR     ++...                    P - amulet of guardian spirit
Stlth  ++........               f - +6 ring of strength
                                w - +2 ring of slaying

@: regenerating, very resistant to hostile enchantments, unstealthy
A: beak, talons 3, able to fly 1
a: Fly, Burn Spellbooks, Berserk, Trog's Hand, Brothers in Arms, Renounce
Religion


You were on level 1 of the Lair of Beasts.
You worshipped Trog.
Trog was extremely pleased with you.
You were hungry.

You visited 3 branches of the dungeon, and saw 14 of its levels.
You also visited: Sewer.

You collected 605 gold pieces.

Inventory:

Hand weapons
 a - a +0 lajatang of draining (weapon)
 b - a +0 blowgun
 c - a +0 quarterstaff
 L - the +1 dagger "Sarcophage" {pierce, rPois}
   (You found it on level 6 of the Dungeon)

   It inflicts extra damage upon your enemies.
   It protects you from poison.
Missiles
 e - 6 throwing nets (quivered)
 t - 53 poisoned needles
Armour
 k - a +1 pair of gloves (worn)
 s - a +0 leather armour (worn)
 I - a +0 hat (worn)
Jewellery
 f - a +6 ring of strength (right hand)
 l - an uncursed amulet of stasis
 w - a +2 ring of slaying (left hand)
 y - an uncursed ring of protection from cold
 J - an uncursed ring of protection from fire
 N - an uncursed amulet of clarity
 P - an amulet of guardian spirit (around neck)
 R - an uncursed ring of protection from fire
 W - an uncursed ring of protection from cold
 Y - an uncursed ring of positive energy
Magical devices
 h - a wand of digging (12)
 j - a wand of polymorph (15)
 u - a wand of paralysis (5)
 U - a wand of confusion (20)
Scrolls
 i - 3 scrolls of blinking
 p - 6 scrolls of teleportation
 r - 4 scrolls of recharging
 x - 5 scrolls of fog
 M - a scroll of remove curse
 O - a scroll of enchant armour {unknown}
Potions
 g - 3 potions of haste
 n - a potion of beneficial mutation {unknown}
 q - 4 potions of heal wounds
 v - 2 potions of cancellation
 z - 3 potions of resistance
 A - 4 potions of invisibility
 B - 2 potions of agility {unknown}
 C - 3 potions of flight
 D - 8 potions of poison
 E - a potion of lignification {unknown}
 F - 2 potions of mutation {unknown}
 G - a potion of magic {unknown}
 H - 2 potions of brilliance {unknown}
 K - a potion of berserk rage {unknown}
 S - 2 potions of might {unknown}
 V - a potion of curing {unknown}
Comestibles
 d - 12 bread rations
 m - 11 beef jerkies
 o - 3 royal jellies
 Q - 2 slices of pizza
 T - 2 meat rations


   Skills:
 + Level 11.1 Fighting
 - Level 15.0 Staves
 - Level 2.1 Throwing
 + Level 11.3 Dodging
 * Level 3.2 Evocations


You had 11 spell levels left.
You didn't know any spells.

Dungeon Overview and Level Annotations

Branches:
Dungeon (12/15)            Temple (1/1) D:5            Lair (1/8) D:10
    Orc (0/4) D:12

Altars:
Ashenzari
Cheibriados
Dithmenos
Elyvilon
Fedhas
Gozag
Kikubaaqudgha
Makhleb
Nemelex Xobeh
Okawaru
Qazlal
Ru
Sif Muna
Trog
Vehumet
Xom
Yredelemnul
Zin
The Shining One

Shops:
D:7 (

Annotations:
D:7 1 runed door


Innate Abilities, Weirdness & Mutations

You have a beak for a mouth.
You have claws for feet.
You can fly.


Message History

The porcupine barely misses you.
You are struck by the porcupine's spines.
You slice the porcupine!!
You kill the porcupine!
Trog accepts your kill. The eight-headed hydra bites you.
The eight-headed hydra bites you!
The eight-headed hydra bites you but does no damage.
The eight-headed hydra bites you.
The eight-headed hydra barely misses you.
The eight-headed hydra misses you. The eight-headed hydra bites you!
* * * LOW HITPOINT WARNING * * *
The eight-headed hydra bites you!
* * * LOW HITPOINT WARNING * * *
Use which ability? (? or * to list)
You don't have enough magic at the moment.
Use which ability? (? or * to list)
Your skin crawls.
You feel resistant to hostile enchantments.
You feel slightly more hungry. The eight-headed hydra bites you!
You die...

##................##
##....♣...
#..............#.P#
#.........
##............##.P#
#.........
............##.##
#..)......
........#..##
##........ #.#...##
#........ ###.....##
#P.......
###........##
##.......
#.....†@....#
##......
...#.PPD....####
##....)
#.##S......#.##
##.... #
#..>........###.....
#.......####.....##..
!...##.### ####..####
...## #.. #...# ...
##. ##.## #...###


You could see an eight-headed hydra and a water moccasin.

Vanquished Creatures
  Frances (D:12)
  A hydra (D:12)
  A centaur warrior (D:11)
  The ghost of Borgoz the Nimble, an experienced MfTm of Yredelemnul (D:9)
  6 hill giants
  An ugly thing (D:11)
  A cyclops (D:11)
  A centaur zombie (D:11)
  Joseph (D:10)
  Psyche (D:10)
  The ghost of Duffy the Vexing, an experienced VSEn (D:6)
  A kobold demonologist (D:12)
  A komodo dragon (Lair:1)
  Grinder (D:4)
  A two-headed ogre (D:12)
  4 slime creatures (D:12)
  A deep elf fighter (D:10)
  2 deep elf magi (D:9)
  Eustachio (D:4)
  15 yaks
  A hippogriff (Lair:1)
  Grum (D:10)
  A basilisk (D:11)
  2 wyverns
  A hungry ghost (D:12)
  4 wolves (D:10)
  A porcupine (Lair:1)
  A swamp drake (D:11)
  A black bear (D:8)
  9 orc warriors
  A wasp (D:7)
  6 crocodiles
  4 ice beasts
  A sky beast (D:12)
  2 necrophages
  7 ogres
  A big kobold (D:9)
  3 centaurs
  6 giant frogs
  5 scorpions
  6 wights
  14 killer bees
  6 crimson imps
  A wasp zombie (D:11)
  2 jellies
  2 hounds (D:10)
  3 giant frog skeletons
  4 orc priests
  7 orc wizards
  Ijyb (D:2)
  14 worker ants
  3 iguanas
  A hound zombie (D:7)
  A worker ant zombie (D:11)
  13 adders
  9 river rats
  4 oozes
  6 worms
  5 giant geckos
  53 orcs
  5 ball pythons
  25 bats
  8 giant cockroaches
  8 goblins
  20 hobgoblins
  14 jackals
  14 kobolds
  7 quokkas
  8 giant newts
  19 rats
  2 butterflies (D:7)
386 creatures vanquished.

Notes
Turn   | Place    | Note
--------------------------------------------------------------
     0 | D:1      | urechis the Tengu Gladiator began the quest for the Orb.
     0 | D:1      | Reached XP level 1. HP: 12/12 MP: 2/2
   286 | D:1      | Reached XP level 2. HP: 13/18 MP: 3/3
  1055 | D:2      | Reached XP level 3. HP: 18/22 MP: 4/4
  1076 | D:2      | Reached skill level 4 in Staves
  1890 | D:2      | Reached XP level 4. HP: 24/28 MP: 5/5
  2030 | D:2      | Noticed Ijyb
  2044 | D:2      | Killed Ijyb
  2259 | D:3      | Gained mutation: You can fly. [Tengu growth]
  2259 | D:3      | Reached XP level 5. HP: 28/33 MP: 6/6
  2978 | D:4      | Found a glowing drain.
  2990 | D:4      | Noticed Grinder
  2997 | D:4      | Killed Grinder
  2997 | D:4      | Reached skill level 5 in Fighting
  2997 | D:4      | Reached skill level 5 in Staves
  2997 | D:4      | Reached XP level 6. HP: 30/40 MP: 7/7
  3109 | Sewer    | Entered a sewer
  3274 | Sewer    | Reached skill level 6 in Staves
  3888 | D:4      | Noticed Eustachio
  3945 | D:4      | Killed Eustachio
  3945 | D:4      | Reached XP level 7. HP: 29/45 MP: 8/8
  4217 | D:4      | Noticed an ogre
  4230 | D:4      | Killed an ogre
  4746 | D:5      | Entered Level 5 of the Dungeon
  4798 | D:5      | Found a glowing golden altar of the Shining One.
  4824 | D:4      | Reached skill level 7 in Staves
  5068 | D:5      | Found a staircase to the Ecumenical Temple.
  5086 | Temple   | Entered the Ecumenical Temple
  5093 | Temple   | Became a worshipper of Trog the Wrathful
  5417 | D:6      | Noticed Duffy's ghost (experienced VSEn)
  5458 | D:6      | Killed Duffy's ghost
  5458 | D:6      | Reached skill level 8 in Staves
  5458 | D:6      | Reached XP level 8. HP: 33/53 MP: 9/9
  5886 | D:6      | Got a twisted dagger
  5887 | D:6      | Identified the cursed +1 dagger "Sarcophage" {pierce, rPois} (You found it on level 6 of the Dungeon)
  6052 | D:6      | Reached skill level 9 in Staves
  6111 | D:6      | Reached XP level 9. HP: 59/59 MP: 10/10
  6331 | D:6      | Acquired Trog's first power
  6637 | D:7      | Found Abre's Antique Weapon Shop.
  7025 | D:7      | Found a runed door.
  7039 | D:7      | Found a runed door.
  7064 | D:7      | Acquired Trog's second power
  7069 | D:7      | Reached skill level 10 in Staves
  7757 | D:7      | Reached skill level 11 in Staves
  8735 | D:8      | Reached skill level 12 in Staves
  8848 | D:8      | Reached XP level 10. HP: 65/65 MP: 11/11
  9627 | D:9      | Reached skill level 13 in Staves
  9860 | D:9      | Noticed Borgoz's ghost (experienced MfTm)
  9870 | D:9      | Killed Borgoz's ghost
 10006 | D:9      | Reached skill level 14 in Staves
 10117 | D:9      | You fall through a shaft for 3 floors!
 10136 | D:12     | Noticed a hill giant
 10140 | D:12     | Noticed a sun demon
 10145 | D:12     | Killed a hill giant
 10148 | D:12     | Reached skill level 15 in Staves
 10148 | D:12     | Reached XP level 11. HP: 67/67 MP: 9/12
 10199 | D:12     | Noticed Frances
 10256 | D:12     | Found a staircase to the Orcish Mines.
 10374 | D:12     | Noticed a hill giant
 10376 | D:12     | Noticed a four-headed hydra
 10384 | D:12     | Killed a hill giant
 10389 | D:12     | Killed a four-headed hydra
 10389 | D:12     | Reached skill level 5 in Dodging
 10860 | D:12     | Killed Frances
 10994 | D:11     | Found a staircase to the Orcish Mines.
 11010 | D:11     | Acquired Trog's third power
 11202 | D:11     | Noticed a centaur warrior
 11212 | D:11     | Killed a centaur warrior
 11212 | D:11     | Reached skill level 10 in Fighting
 11270 | D:11     | Noticed a hill giant
 11280 | D:11     | Killed a hill giant
 11280 | D:11     | Reached XP level 12. HP: 45/75 MP: 13/13
 11721 | D:10     | Entered Level 10 of the Dungeon
 11721 | D:10     | Noticed Grum
 11731 | D:10     | Reached skill level 10 in Dodging
 11738 | D:10     | Killed Grum
 11818 | D:10     | Noticed Joseph
 11830 | D:10     | Killed Joseph
 11870 | D:10     | Found a sacrificial altar of Ru.
 12013 | D:10     | Noticed Psyche
 12019 | D:10     | Killed Psyche
 12339 | D:10     | Reached skill level 1 in Evocations
 12364 | D:10     | Found a staircase to the Lair.
 12892 | Lair:1   | Entered Level 1 of the Lair of Beasts
 13337 | Lair:1   | Noticed an eight-headed hydra
 13345 | Lair:1   | Slain by an eight-headed hydra

Vault maps used:
D:1:      elethiomel_arrival_shortcut
D:2:      uniq_iyjb
D:4:      first_bread, portal_sewer_entry_a, uniq_eustachio, uniq_grinder
D:5:      nicolae_overflow_crystal_walls, minmay_temple_entry_purple_smoke,
          grunt_decor_clamped
D:6:      st_stairs_7
D:7:      lemuel_insect_pit, serial_shops, nicolae_shop_trees, grunt_ogre_cave,
          nrook_loot_triangle
D:10:     grunt_lair_entry_elf_guard_hut, nicolae_ru_the_path_less_chosen,
          uniq_psyche, uniq_grum, uniq_joseph
D:11:     erik_orc_1, minmay_sticks_and_stones
D:12:     kennysheep_doodads, uniq_fannar, uniq_frances
Temple:   nicolae_temple_no_exploring_needed
Lair:1:   grunt_forest_small_clearings, grunt_megastairs_4
Sewer:    sewer_fruit_machine

Action                   |  1- 3 |  4- 6 |  7- 9 | 10-12 || total
-------------------------+-------+-------+-------+-------++-------
Melee: Quarterstaff      |    88 |   166 |    75 |     3 ||   332
       Lajatang          |       |       |   153 |   412 ||   565
       Dagger            |       |       |    18 |    22 ||    40
 Fire: Blowgun           |       |     7 |    10 |    14 ||    31
Invok: Burn Spellbooks   |       |       |     3 |       ||     3
       Berserk           |       |       |     4 |     8 ||    12
       Trog's Hand       |       |       |       |    11 ||    11
 Abil: Fly               |       |     4 |     4 |     1 ||     9
  Use: Scroll            |       |       |    18 |     4 ||    22
       Potion            |       |       |     1 |       ||     1
 Stab: Sleeping          |     2 |     3 |     4 |     4 ||    13
       Distracted        |       |       |       |     1 ||     1
  Eat: Chunk             |     3 |     5 |    19 |    20 ||    47
       Beef jerky        |       |     1 |       |       ||     1
       Fruit             |       |       |     2 |       ||     2
       Meat ration       |       |       |       |     1 ||     1
